 Dungeon Crawl Stone Soup version 0.22-a0-596-gfbd32a6 (webtiles) character file.

1590 Hebeh the Cleaver (level 8, -1/71 HPs)
             Began as a Minotaur Fighter on July 5, 2018.
             Was a Follower of Trog.
             Slain by a yak (3 damage)
             ... on level 6 of the Dungeon.
             The game lasted 00:12:16 (3989 turns).

Hebeh the Cleaver (Minotaur Fighter)                Turns: 3989, Time: 00:12:17

Health: -1/71      AC: 15    Str: 24    XL:     8   Next: 61%
Magic:  7/7        EV:  9    Int:  5    God:    Trog [*.....]
Gold:   229        SH: 10    Dex:  9    Spells: 7/7 levels left

rFire    . . .     SeeInvis .   B - +2 flail (protect)
rCold    . . .     Gourm    .   c - +0 shield
rNeg     . . .     Faith    .   m - +0 ring mail (curse)
rPois    .         Spirit   .   (helmet restricted)
rElec    .         Reflect  .   w - +1 cloak
rCorr    .         Harm     .   (no gloves)
MR       .....                  (no boots)
Stlth    ..........             (no amulet)
HPRegen  0.21/turn              (no ring)
MPRegen  0.10/turn              (no ring)

@: protection aura
A: retaliatory headbutt, horns 2
a: Berserk, Renounce Religion


You were on level 6 of the Dungeon.
You worshipped Trog.
Trog was aware of your devotion.
You were not hungry.

You visited 2 branches of the dungeon, and saw 7 of its levels.

You collected 229 gold pieces.

Inventory:

Hand Weapons
 a - a +0 war axe
 B - a +2 flail of protection (weapon)
Missiles
 o - 139 stones (quivered)
 r - 47 sling bullets
 E - 2 javelins
Armour
 b - a +0 scale mail
 c - a +0 shield (worn)
 m - a cursed +0 ring mail (worn)
 w - a +1 cloak (worn)
Jewellery
 v - a cursed ring of loudness {unknown}
Wands
 A - a wand of digging (7)
 C - a wand of enslavement (9)
 F - a wand of iceblast (14)
 H - a wand of flame (15)
Scrolls
 e - 2 scrolls of remove curse {unknown}
 j - 3 scrolls of fog {unknown}
 l - 2 scrolls of blinking {unknown}
 p - 4 scrolls of identify {unknown}
 s - 3 scrolls of magic mapping {unknown}
 t - 3 scrolls of immolation {unknown}
 x - a scroll of enchant weapon {unknown}
 y - 5 scrolls of teleportation {unknown}
Potions
 d - 3 potions of might
 g - a potion of flight {unknown}
 h - 3 potions of curing {unknown}
 i - 3 potions of agility {unknown}
 k - 4 potions of brilliance {unknown}
 n - a potion of resistance {unknown}
 q - a potion of lignification {unknown}
 u - 2 potions of haste {unknown}
 z - a potion of mutation {unknown}
 G - a potion of degeneration {unknown}
Comestibles
 f - 7 rations
 D - 2 chunks of flesh


   Skills:
 + Level 6.8 Fighting
 * Level 8.5 Axes
 + Level 6.9 Armour
 + Level 6.9 Shields


You had 7 spell levels left.
You didn't know any spells.
Your spell library contained the following spells:

 Spells                   Type           Power        Failure   Level  Hunger
 Animate Dead             Necr           N/A          100%        4    #####..
 Pain                     Necr           #...         92%         1    ##.....
 Animate Skeleton         Necr           N/A          92%         1    ##.....
 Vampiric Draining        Necr           #.........   100%        3    ####...
 Regeneration             Chrm/Necr      #.........   100%        3    ####...


Dungeon Overview and Level Annotations

Branches:
Dungeon (6/15)             Temple (1/1) D:5

Altars:
Ashenzari
Fedhas
Kikubaaqudgha
Makhleb
Nemelex Xobeh
Trog
The Shining One


Innate Abilities, Weirdness & Mutations

You reflexively headbutt those who attack you in melee.
You have a pair of horns on your head.


Message History

The yak is almost dead.
You block the yak's attack.
The yak gores you but does no damage. x2
The yak gores you!
* * * LOW HITPOINT WARNING * * *
You hit the yak.
The yak is almost dead.
The yak barely misses you. x2; You block the yak's attack.
The yak gores you!
* * * LOW HITPOINT WARNING * * *
The yak gores you but does no damage. You block the yak's attack.
You hit the yak.
You kill the yak!
Trog accepts your kill. The yak gores you!
* * * LOW HITPOINT WARNING * * *
The yak gores you but does no damage. The yak gores you.
* * * LOW HITPOINT WARNING * * *
The yak gores you.
* * * LOW HITPOINT WARNING * * *
The yak gores you.
You die...

........# #............
Y.......# .[.................
........## ...................
....Y.... #...................
......... .........(......##..
F..#....# ##...............#####
........###..# ..........[.#
..........<.####Y..........###
..#...........Z@Y............###
#....#.......##Y..............#
#....##......)).Y...#####.......
..... #......)..(...## ##.###..
.... #.......####...#####.# ###
... .........# #......##.# # ...
.....:...## ##..##.##.#####
.(........# ##............
..........# ####.....####


You could see 4 yaks and a quokka zombie.

Vanquished Creatures
  2 yaks (D:6)
  A black bear (D:6)
  A sky beast (D:6)
  A phantom (D:4)
  A centaur (D:6)
  2 bullfrogs (D:6)
  2 crimson imps
  A bullfrog zombie (D:6)
  3 jellies (D:5)
  A bullfrog skeleton (D:6)
  3 orc wizards
  A gnoll shaman (D:5)
  Crazy Yiuf (D:5)
  A hound (D:2)
  An orc priest (D:4)
  2 iguanas
  Ijyb (D:4)
  4 worker ants
  A killer bee zombie (D:5)
  A hound zombie (D:6)
  4 adders
  4 gnolls (D:5)
  An ooze (D:3)
  2 adder skeletons
  2 worms
  A dart slug (D:4)
  5 leopard geckos
  10 orcs
  4 bats
  2 bat zombies (D:4)
  8 giant cockroaches
  7 goblins
  5 hobgoblins (D:1)
  8 jackals
  5 kobolds
  2 frilled lizards
  A giant cockroach zombie (D:6)
  A goblin skeleton (D:4)
  3 hobgoblin zombies (D:4)
  2 kobold skeletons (D:4)
  A kobold zombie (D:4)
  An orc skeleton (D:4)
  An orc zombie (D:4)
  7 rats
  2 rat zombies (D:4)
120 creatures vanquished.

Notes
Turn   | Place    | Note
-------+----------+-------------------------------------------
     0 | D:1      | Hebeh the Minotaur Fighter began the quest for the Orb.
     0 | D:1      | Reached XP level 1. HP: 19/19 MP: 0/0
   128 | D:1      | Reached XP level 2. HP: 18/27 MP: 1/1
   551 | D:1      | Reached skill level 3 in Axes
   857 | D:2      | Reached XP level 3. HP: 23/33 MP: 2/2
  1334 | D:2      | Found a burning altar of Makhleb.
  1340 | D:2      | Reached XP level 4. HP: 35/40 MP: 3/3
  1542 | D:3      | Reached skill level 4 in Axes
  1917 | D:4      | Reached XP level 5. HP: 41/47 MP: 4/4
  1942 | D:4      | Noticed Ijyb
  1956 | D:4      | Killed Ijyb
  2031 | D:4      | Found a glowing golden altar of the Shining One.
  2076 | D:4      | Noticed a phantom
  2093 | D:4      | Killed a phantom
  2093 | D:4      | Reached skill level 5 in Axes
  2093 | D:4      | Reached XP level 6. HP: 55/55 MP: 5/5
  2112 | D:4      | Reached skill level 5 in Armour
  2127 | D:4      | Reached skill level 5 in Fighting
  2127 | D:4      | Reached skill level 5 in Shields
  2188 | D:4      | Found an ancient bone altar of Kikubaaqudgha.
  2420 | D:5      | Entered Level 5 of the Dungeon
  2455 | D:5      | Found a staircase to the Ecumenical Temple.
  2583 | D:5      | Reached skill level 6 in Axes
  2583 | D:5      | Reached XP level 7. HP: 55/61 MP: 6/6
  2756 | D:5      | Found a runed door.
  2945 | D:5      | Found a burning altar of Makhleb.
  3296 | Temple   | Entered the Ecumenical Temple
  3302 | Temple   | Became a worshipper of Trog the Wrathful
  3559 | D:5      | Noticed Crazy Yiuf
  3563 | D:5      | Killed Crazy Yiuf
  3655 | D:6      | Reached skill level 7 in Axes
  3691 | D:6      | Found a sparkling altar of Nemelex Xobeh.
  3743 | D:6      | Reached XP level 8. HP: 58/70 MP: 7/7
  3984 | D:6      | Reached * piety under Trog
  3984 | D:6      | Reached skill level 8 in Axes
  3989 | D:6      | HP: 2/71 [yak (3)]
  3989 | D:6      | Slain by a yak

Vault maps used:
D:1:      ncdulo_halloftheorcs
D:2:      first_ration, makhleb_heckhound_becter
D:4:      lemuel_zombie_altar_kikubaaqudgha, nicolae_tso_besieged_by_evil,
          uniq_ijyb
D:5:      marbit_many_paths, minmay_temple_entry_statues_pillars, minivault_27,
          uniq_crazy_yiuf_cottage
D:6:      zin_treasury, nemelex_xobeh_ov_fountains_minmay, uniq_blork_the_orc,
          uniq_sigmund
Temple:   kb_temple_of_zot

Skill      XL: |  1  2  3  4  5  6  7  8 |
---------------+-------------------------+-----
Shields        | 4 5 6 |  6.9
Axes           | 3 4 5 6 7 8 |  8.5
Fighting       | 4 5 6 |  6.8
Armour         | 4 5 6 |  6.9

Action                   |  1- 3 |  4- 6 |  7- 9 || total
-------------------------+-------+-------+-------++-------
Melee: War axe           |    66 |    41 |       ||   107
       Headbutt          |     5 |    31 |    19 ||    55
       Flail             |       |   118 |    95 ||   213
  Eat: Chunk             |     1 |     5 |     1 ||     7
       Ration            |       |       |     1 ||     1
Armor: Scale mail        |    35 |    29 |       ||    64
       Ring mail         |       |    43 |    81 ||   124
Dodge: Dodged            |    19 |    56 |    60 ||   135
Block: Shield            |    35 |    81 |    71 ||   187

Table legend:
 A = Spawn XP
 B = Non-spawn XP
 C = Spawn XP percentage of total XP
 D = Spawn monster count
 E = Non-spawn monster count
 F = Spawn count percentage of total count
 G = Total turns spent on level
                    A         B        C        D         E        F      G
               +---------+---------+-------+---------+---------+-------+---------
         Total |       0 |    2272 |   0.0 |       0 |     120 |   0.0 |  3989
               +---------+---------+-------+---------+---------+-------+---------
           D:1 |       0 |      32 |   0.0 |       0 |      16 |   0.0 |   589
           D:2 |       0 |      79 |   0.0 |       0 |      15 |   0.0 |   857
           D:3 |       0 |      51 |   0.0 |       0 |      17 |   0.0 |   438
           D:4 |       0 |     413 |   0.0 |       0 |      33 |   0.0 |   536
           D:5 |       0 |     455 |   0.0 |       0 |      19 |   0.0 |  1183
           D:6 |       0 |    1242 |   0.0 |       0 |      20 |   0.0 |   373
               +---------+---------+-------+---------+---------+-------+---------
